AoeStats
← beeflord

Fortress

509242834Analyzed
4v4 RM · 7d ago on Sep 26, 2026· 48m 28s· 8 players
Game mode
Random Map
Map size
Huge
Population
200
Speed
Normal
Resources
Standard
Victory
Conquest
Starting age
Dark Age
Ending age
Imperial Age
RankedLock teamsTeams togetherTeam positionsShared explorationLock speedFull tech treeHidden civsTurbo modeCheats
Victory
Defeat
🇺🇸 Chinese · United States
1181
+9
🇬🇧 Mongols · United Kingdom
1020
+15
🇺🇸 Danes · United States
987
+17
🇺🇸 Koreans · United States
943
+19
🇺🇸 Danes · United States
1057
-17
🇺🇸 Hindustanis · United States
1048
-17
🇧🇷 Saxons · Brazil
1008
-15
🇪🇸 Spanish · Spain
920
-11
CantBoarLure
0:32 Loom
7:24 Feudal Age
12:25 Castle Age
10:43 Double-Bit Axe
11:04 Horse Collar
13:28 Wheelbarrow
13:16 Gold Mining
14:05 Bow Saw
15:10 Heavy Plow
19:41 Hand Cart
20:25 Gold Shaft Mining
19:48 Stone Mining
23:17 Caravan
24:12 Stone Shaft Mining
27:42 Imperial Age
29:32 Two-Man Saw
29:33 Conscription
28:35 Elite Chu Ko Nu
29:06 Fletching
29:16 Padded Archer Armor
30:17 Ballistics
30:58 Chemistry
29:54 Bodkin Arrow
29:59 Padded Archer Armor
31:08 Bracer
31:23 Leather Archer Armor
32:16 Rocketry
32:43 Coinage
32:40 Town Watch
34:02 Ring Archer Armor
33:47 Forging
33:42 Scale Barding Armor
33:45 Great Wall
34:13 Fortified Wall
33:59 Murder Holes
34:14 Masonry
34:25 Bombard Tower
35:16 Heavy Rocket Cart
35:19 Capped Ram
37:48 Heavy Rocket Cart
37:48 Siege Ram
41:30 Architecture
41:47 Iron Casting
41:32 Chain Barding Armor
44:46 Blast Furnace
44:21 Plate Barding Armor
44:03 Cavalier
44:53 Bloodlines
44:44 Husbandry
45:49 Light Cavalry
xunil
7:29 Feudal Age
11:35 Castle Age
13:44 Double-Bit Axe
16:03 Horse Collar
20:33 Loom
22:58 Forging
24:20 Arson
25:57 Wheelbarrow
26:02 Heavy Plow
30:05 Imperial Age
27:38 Gold Mining
29:27 Iron Casting
28:52 Scale Mail Armor
29:02 Squires
28:58 Gambesons
29:14 Squires
33:02 Blast Furnace
31:53 Fletching
32:19 Chain Mail Armor
32:37 Conscription
33:20 Elite Jomsviking
36:26 Hamask
42:42 Chemistry
42:02 Ballistics
42:49 Husbandry
43:00 Bloodlines
beeflord
8:09 Feudal Age
8:41 Double-Bit Axe
9:38 Loom
12:51 Horse Collar
18:30 Castle Age
17:46 Wheelbarrow
22:15 Fletching
24:07 Crossbowman
24:52 Gold Mining
31:29 Bodkin Arrow
34:19 Imperial Age
35:13 Ballistics
35:19 Forging
36:22 Chemistry
38:49 Gold Shaft Mining
40:09 Light Cavalry
41:01 Scale Barding Armor
41:32 Iron Casting
41:54 Hussar
45:09 Town Watch
Accor
5:05 Loom
7:09 Feudal Age
7:56 Horse Collar
8:02 Double-Bit Axe
12:56 Castle Age
10:55 Fletching
12:02 Padded Archer Armor
14:25 Leather Archer Armor
15:39 Bow Saw
20:04 Crossbowman
21:41 Heavy Plow
24:30 Bodkin Arrow
27:15 Wheelbarrow
29:41 Imperial Age
27:38 Ballistics
28:06 Thumb Ring
28:29 Gold Mining
28:33 Stone Mining
29:38 Bloodlines
29:28 Husbandry
29:57 Arbalester
31:52 Chemistry
31:22 Conscription
31:51 Hand Cart
31:52 Bracer
34:29 Parthian Tactics
34:15 Elite Mangudai
38:22 Onager
40:15 Siege Onager
42:42 Drill
48:47 Siege Engineers
Darth MBAG
0:39 Loom
7:00 Feudal Age
5:59 Loom
12:11 Castle Age
11:23 Loom
12:01 Double-Bit Axe
12:59 Horse Collar
14:30 Town Watch
15:22 Wheelbarrow
14:44 Gold Mining
15:12 Bow Saw
16:28 Stone Mining
25:05 Imperial Age
23:46 Forging
23:47 Scale Barding Armor
24:00 Padded Archer Armor
25:24 Ballistics
25:23 Bloodlines
26:24 Heavy Plow
27:39 Chemistry
27:38 Conscription
27:32 Husbandry
26:57 Elite Skirmisher
28:38 Leather Archer Armor
28:44 Chain Barding Armor
28:24 Heavy Camel Rider
31:09 Hand Cart
30:57 Town Patrol
32:21 Ring Archer Armor
32:27 Iron Casting
33:43 Plate Barding Armor
42:14 Imperial Camel Rider
CAS MBAG
8:12 Feudal Age
8:25 Loom
12:42 Castle Age
11:33 Double-Bit Axe
26:05 Imperial Age
34:30 Padded Archer Armor
34:45 Forging
34:36 Scale Mail Armor
36:00 Ballistics
35:57 Squires
39:40 Chemistry
40:51 Chain Mail Armor
41:11 Iron Casting
41:56 Northmen's Fury
45:57 Heavy Scorpion
aos.ceus
2:28 Loom
10:21 Feudal Age
11:26 Horse Collar
16:50 Castle Age
15:58 Double-Bit Axe
16:07 Gold Mining
16:08 Stone Mining
16:27 Scale Mail Armor
16:37 Forging
16:31 Arson
18:52 Gold Shaft Mining
18:28 Bow Saw
18:20 Heavy Plow
19:01 Iron Casting
25:55 Imperial Age
23:51 Squires
24:04 Gambesons
24:40 Chain Mail Armor
24:20 Fletching
26:07 Shield Wall
27:23 Conscription
31:38 Elite Varangian Guard
37:04 Murder Holes
37:20 Fortified Wall
40:06 Elite Hearth Troop
42:57 Chemistry
OvertChunk95
1:53 Loom
6:58 Feudal Age
12:45 Castle Age
11:28 Double-Bit Axe
12:04 Horse Collar
23:59 Bow Saw
23:52 Heavy Plow
24:31 Wheelbarrow
23:44 Town Watch
28:19 Imperial Age
27:22 Hand Cart
29:16 Husbandry
29:34 Bloodlines
30:31 Forging
30:28 Scale Barding Armor
31:35 Two-Man Saw
30:54 Fortified Wall
31:28 Cavalier
32:45 Iron Casting
32:32 Chain Barding Armor
32:33 Gold Mining
32:33 Stone Mining
34:30 Blast Furnace
33:54 Conscription
33:56 Supremacy
36:11 Stone Shaft Mining
36:15 Plate Barding Armor
35:03 Paladin
36:40 Fletching
37:38 Caravan
42:32 Light Cavalry
Connection lost

Rejoining the realm…

Still unreachable

The connection could not be restored.

Session expired

The server has moved on; the page needs a fresh start.